 Dungeon Crawl Stone Soup version 0.27-a0-328-g7f782ed93a (webtiles) character file.

Game seed: 14843617421384543369

30 CurlyBrace the Caller (level 3, -1/16 HPs)
             Began as a Felid Summoner on Feb 11, 2021.
             Slain by an orc
             ... wielding a +2 dagger of venom
              (3 damage)
             ... on level 3 of the Dungeon.
             The game lasted 00:04:56 (539 turns).

CurlyBrace the Caller (Felid Summoner)               Turns: 539, Time: 00:04:57

Health: -1/16      AC:  5    Str:  5    XL:     3   Next: 3%
Magic:  7/7        EV: 18    Int: 16    God:
Gold:   26         SH:  0    Dex: 16    Spells: 5/6 levels left
                                        Lives:  0   Deaths: 0

rFire    . . .     SeeInvis +     - Unarmed
rCold    . . .     Faith    .   (shield unavailable)
rNeg     . . .     Spirit   .   (armour unavailable)
rPois    .         Reflect  .   (helmet unavailable)
rElec    .         Harm     .   (cloak unavailable)
rCorr    .         Rampage  .   (gloves unavailable)
Will     .....                  (boots unavailable)
Stlth    +++.......             (no amulet)
HPRegen  0.05/turn              p - +4 ring of protection
MPRegen  0.10/turn              (no ring)

@: quick
A: very small, no armour, no weapons or thrown items, stealth, claws 1, fangs 3,
see invisible, speed 1, robust 1, screaming 1, shaggy fur 1, sharp paws
a: no special abilities


You were on level 3 of the Dungeon.
You visited 1 branch of the dungeon, and saw 3 of its levels.

You collected 26 gold pieces.

Inventory:

Jewellery
 p - a +4 ring of protection (left paw)
   (You found it on level 2 of the Dungeon)
Scrolls
 a - a scroll of enchant armour {unknown}


   Skills:
 * Level 1.5 Fighting
 - Level 3.0 Dodging
 - Level 3.0 Stealth
 * Level 1.5 Unarmed Combat
 - Level 2.0 Spellcasting
 - Level 4.0 Summonings


You had 5 spell levels left.
You knew the following spells:

 Your Spells              Type           Power        Failure   Level
a - Summon Small Mammal   Summ           56%          4%          1

Your spell library contained the following spells:

 Spells                   Type           Power        Failure   Level
 Call Imp                 Summ           14%          6%          2
 Call Canine Familiar     Summ           14%          12%         3
 Summon Guardian Golem    Hex/Summ       8%           26%         3
 Summon Ice Beast         Ice/Summ       8%           65%         4
 Summon Lightning Spire   Summ/Air       8%           65%         4


Dungeon Overview and Level Annotations

Branches:
Dungeon (3/15)

Altars:
Nemelex Xobeh


Innate Abilities, Weirdness & Mutations

You cannot wear armour.
You are incapable of wielding weapons or throwing items.
Your paws allow you to move quietly. (Stealth)
You have sharp claws.
You have razor-sharp teeth.
You have supernaturally acute eyesight. (SInv)
You cover ground quickly.
You are covered in fur. (AC +1)
Your sharp claws are effective at attacking unaware monsters.
You are robust. (+10% HP)
You occasionally shout uncontrollably at your foes.


Message History

Attack!
Your rat bites the goblin.
Unknown command.
The goblin hits your rat with a +0 club.
Your rat dies!
Your rat's corpse disappears in a puff of smoke!
You completely miss the goblin.
The goblin is heavily wounded.
The goblin completely misses you.
You miss the goblin.
The goblin is heavily wounded.
The goblin hits you with a +0 club.
You scratch the goblin.
You kill the goblin!
You have reached level 3!
Your experience leads to an increase in your attributes!
Increase (S)trength, (I)ntelligence, or (D)exterity?
You feel stronger.
Things that are here:
a +0 club; a goblin corpse
There is a stone staircase leading down here.
You climb downwards.
You hiss at the orc!
A giant cockroach and 3 orcs come into view.
An orc is wielding a +2 dagger of venom.
The orc shouts! x3
Found 7 gold pieces.
There is a stone staircase leading up here.
Unknown command.
A rat comes into view.
Found an escape hatch in the ceiling.
The orc completely misses you.
You scratch the rat.
You kill the rat!
The giant cockroach misses you. The orc hits you.
You scratch the orc but do no damage. The giant cockroach barely misses you.
The orc misses you. The orc hits you.
* * * LOW HITPOINT WARNING * * *
The orc completely misses you.
The giant cockroach completely misses you.
The orc hits you with a +2 dagger of venom.
You die...

#######
##...$.##
##.<.....#
#.........#
#.........#
#.........#
#oo........
#Bo.......#
#@........#
#.........#
#.....<...
#.........
#...##....
##.## #..
## .#


You could see 3 orcs and a giant cockroach.

Vanquished Creatures
  A dart slug (D:2)
  3 giant cockroaches
  A goblin (D:2)
  3 hobgoblins (D:2)
  4 jackals (D:2)
  A bat (D:1)
  A frilled lizard (D:1)
  2 kobolds (D:2)
  3 rats
19 creatures vanquished.

Vanquished Creatures (collateral kills)
  An ooze (D:2)
  3 jackals (D:2)
  A kobold (D:2)
  A rat (D:2)
6 creatures vanquished.

Grand Total: 25 creatures vanquished

Notes
Turn   | Place    | Note
-------+----------+-------------------------------------------
     0 | D:1      | CurlyBrace the Felid Summoner began the quest for the Orb.
     0 | D:1      | Reached XP level 1. HP: 7/7 MP: 4/4
    66 | D:2      | Found a sparkling altar of Nemelex Xobeh.
   136 | D:2      | Gained mutation: You occasionally shout uncontrollably at
                  | your foes. [potion of mutation]
   136 | D:2      | Gained mutation: You are robust. (+10% HP) [potion of
                  | mutation]
   139 | D:2      | Reached XP level 2. HP: 13/13 MP: 3/6
   265 | D:2      | Reached skill level 1 in Fighting
   270 | D:2      | Reached skill level 1 in Unarmed Combat
   523 | D:2      | Reached XP level 3. HP: 7/16 MP: 5/7
   539 | D:3      | Slain by an orc

Illustrated notes

Levels and vault maps discovered:
D:1:      psy_arrival_radial02, layout_basic
D:2:      layout_loops_ring, nemelex_xobeh_ov_fountains_minmay
D:3:      layout_rooms, gammafunk_temple_overflow_elements, minivault_25,
          kennysheep_path_1, lemuel_altar_in_water

Skill      XL: |  1  2 |
---------------+-------+-----
Fighting       | 1 |  1.5
Stealth        | 3 |  3.0
Unarmed Combat | 1 |  1.5
Dodging        | 3 |  3.0
Spellcasting   | |  2.0
Summonings     | |  4.0

Action                   || total
-------------------------++-------
Melee: Unarmed           ||    80
       Bite              ||     6
 Cast: Summon Small Mamm ||    15
  Use: Potion            ||     3
       Scroll            ||     2
 Stab: Sleeping          ||     4
       Distracted        ||     1
Armor: Skin              ||     9
Dodge: Dodged            ||    75

Table legend: (Time is in decaauts)
 A = Elapsed time spent in this place.
 B = Non-inter-level travel time spent in this place.
 C = Inter-level travel time spent in this place.
 D = Time resting spent in this place.
 E = Time spent auto-exploring this place.
 F = Levels seen in this place.
 G = Mean time per level.
                   A        B        C        D        E       F      G
               +--------+--------+--------+--------+--------+-----+--------+
         Total |    458 |    458 |      0 |      0 |      0 |   3 |  152.7 |
       Dungeon |    458 |    458 |      0 |      0 |      0 |   3 |  152.7 |
               +--------+--------+--------+--------+--------+-----+--------+

Top non-repeatable levels by time:
     D:2: 392 daAuts
     D:1: 59 daAuts
     D:3: 6 daAuts
